 Dungeon Crawl Stone Soup version 0.29-a0-919-gd064cfad1c (webtiles) character file.

Game seed: 15527885109465203180

0 IdlyInterested the Cudgeller (level 1, 0/15 HPs)
             Began as a Demonspawn Wanderer on July 26, 2022.
             Succumbed to a kobold's poison
             ... on level 1 of the Dungeon.
             The game lasted 00:00:50 (70 turns).

IdlyInterested the Cudgeller (Demonspawn Wanderer)    Turns: 70, Time: 00:00:50

Health: 0/15       AC:  6    Str: 16    XL:     1   Next: 8%
Magic:  1/1        EV: 11    Int: 10    God:
Gold:   13         SH:  0    Dex: 11    Spells: 0/0 levels left

rFire   . . .      SeeInvis .   a - +2 mace
rCold   . . .      Faith    .   (no shield)
rNeg    . . .      Spirit   .   e - +0 leather armour
rPois   .          Reflect  .   g - +1 helmet
rElec   .          Harm     .   (no cloak)
rCorr   .          Rampage  .   (no gloves)
Will    .....                   c - +0 pair of boots
Stlth   ++........              (no amulet)
HPRegen 0.05/turn               (no ring)
MPRegen 0.07/turn               (no ring)

@: lethally poisoned (0 -> -3)
A: no striking features
a: no special abilities


You were on level 1 of the Dungeon.
You visited 1 branch of the dungeon, and saw 1 of its levels.

You collected 13 gold pieces.

Inventory:

Hand Weapons
 a - a +2 mace (weapon)
Armour
 c - a +0 pair of boots (worn)
 e - a +0 leather armour (worn)
 g - a +1 helmet (worn)
Scrolls
 b - a scroll of teleportation
 f - a scroll of identify {unknown}
Potions
 d - a potion of attraction


   Skills:
 + Level 1.0 Fighting
 * Level 3.6 Maces & Flails
 - Level 1.7 Armour
 * Level 0.0 Dodging
 - Level 2.6 Stealth


You couldn't memorise any spells.
You didn't know any spells.
Your spell library was empty.

Dungeon Overview and Level Annotations

Branches:
Dungeon (1/15)

Altars:


Message History

Press ? for a list of commands and other information.
Found a scroll labelled CIPTOR FYATYRGH and 5 gold pieces.
Found a staircase leading out of the dungeon.
You begin with the following items: a +2 mace, a scroll of teleportation, a +0 pair of boots, a potion of attraction, a +0 leather armour.
f - a scroll labelled CIPTOR FYATYRGH You now have 5 gold pieces.
You open the gate.
Found a leather armour.
There is an open gate here.
You see here a +1 helmet.
g - a +1 helmet You start putting on your armour.
You continue putting on your +1 helmet. x4
You finish putting on your +1 helmet.
Found a stone staircase leading down.
You now have 13 gold pieces (gained 8).
Found a leather armour.
A kobold comes into view. It is wielding a +2 dagger of venom.
The kobold shouts!
You hit the kobold.
The kobold is moderately wounded.
The kobold hits you with a +2 dagger of venom.
You are lethally poisoned!
You hit the kobold.
You kill the kobold!
You feel very sick.
There is a lethal amount of poison in your body!
Okay, then.
Found a scroll labelled MUPTYWKUERI.
You feel sick.
Things that are here:
a +2 dagger of venom; a kobold corpse
* * * LOW HITPOINT WARNING * * *
You feel sick.
* * * LOW HITPOINT WARNING * * *
You feel sick.
* * * LOW HITPOINT WARNING * * *
You feel sick.
Found a fizzy brown potion.
* * * LOW HITPOINT WARNING * * *
You feel sick.
You die...

##...≈§§≈≈...
#...≈§§≈§...
##...≈≈≈§..# #...≈§≈...#
#. ##...≈...## #.
#...≈...# #.###
..##.§...##
#...#######...!.#.....#
♣##...#..@.......##...##
♣....[..####.#### #...#
♣..#...### ###...#
###)## ####.#'''# #...#
#....#...#.# #.#.#
#.##...[...# #.♣♣♣
♣♣♣♣#.###.....##
#.♣♣♣♣♣♣♣P.♣#.####...##
#...............>...##


There were no monsters in sight!

Vanquished Creatures
  A kobold (D:1)
1 creature vanquished.

Notes
Turn   | Place    | Note
-------+----------+-------------------------------------------
     0 | D:1      | IdlyInterested the Demonspawn Wanderer began the quest for
                  | the Orb.
     0 | D:1      | IdlyInterested set off with the following items: a +2 mace,
                  | a scroll of teleportation, a +0 pair of boots, a potion of
                  | attraction, a +0 leather armour.
     0 | D:1      | Reached XP level 1. HP: 15/15 MP: 1/1
    70 | D:1      | Succumbed to a kobold's poison

Illustrated notes

Levels and vault maps discovered:
D:1:      lemuel_arrival_funnel, layout_loops_ring, serial_forest,
          infiniplex_forest_straight_5, infiniplex_forest_end_1,
          infiniplex_forest_join, infiniplex_forest_clump_small,
          infiniplex_forest_clump_cross, infiniplex_forest_lined_room_2,
          infiniplex_forest_clump_small

Action                   || total
-------------------------++-------
Melee: Mace              ||     2

Table legend: (Time is in decaauts)
 A = Elapsed time spent in this place.
 B = Non-inter-level travel time spent in this place.
 C = Inter-level travel time spent in this place.
 D = Time resting spent in this place.
 E = Time spent auto-exploring this place.
 F = Levels seen in this place.
 G = Mean time per level.
                   A        B        C        D        E       F      G
               +--------+--------+--------+--------+--------+-----+--------+
         Total |     70 |     70 |      0 |      0 |     31 |   1 |   70.0 |
       Dungeon |     70 |     70 |      0 |      0 |     31 |   1 |   70.0 |
               +--------+--------+--------+--------+--------+-----+--------+

Top non-repeatable levels by time:
     D:1: 70 daAuts
